 Dungeon Crawl Stone Soup version 0.21-a0-442-g848f44b (webtiles) character file.

25 slep the Skirmisher (level 3, -3/33 HPs)
             Began as a Hill Orc Monk on Nov 13, 2017.
             Was a Believer of Qazlal.
             Slain by an ogre
             ... wielding a +0 giant club
              (10 damage)
             ... on level 2 of the Dungeon.
             The game lasted 00:08:32 (770 turns).

slep the Skirmisher (Hill Orc Monk)                  Turns: 770, Time: 00:08:33

Health: -3/33      AC:  1    Str: 14    XL:     3   Next: 6%
Magic:  3/3        EV: 12    Int: 10    God:    Qazlal [**....]
Gold:   52         SH:  2    Dex: 13    Spells: 2/2 levels left

rFire    . . .     SeeInvis .   a - +0 falchion
rCold    . . .     Gourm    .   (no shield)
rNeg     + . .     Faith    +   k - +0 leather armour
rPois    .         Spirit   .   (no helmet)
rElec    .         Reflect  .   (no cloak)
rCorr    .         Harm     .   (no gloves)
MR       .....                  n - +0 pair of boots
Stlth    +.........             f - amulet of faith
HPRegen  0.11/turn              d - -3 ring of protection (curse)
MPRegen  0.08/turn              l - ring of positive energy

@: no status effects
A: no striking features
a: Upheaval, Renounce Religion


You were on level 2 of the Dungeon.
You worshipped Qazlal.
Qazlal was pleased with you.
You were not hungry.

You visited 1 branch of the dungeon, and saw 2 of its levels.

You collected 52 gold pieces.

Inventory:

Hand Weapons
 a - a +0 falchion (weapon)
Missiles
 g - 7 javelins (quivered)
Armour
 b - a +0 robe
 k - a +0 leather armour (worn)
 n - a +0 pair of boots (worn)
Jewellery
 d - a cursed -3 ring of protection (left hand)
 f - an amulet of faith (around neck)
 l - a ring of positive energy (right hand)
 m - an uncursed amulet of regeneration
Scrolls
 e - 2 scrolls of recharging {unknown}
 h - a scroll of random uselessness {unknown}
 i - a scroll of amnesia {unknown}
 o - a scroll of blinking {unknown}
 p - a scroll of fog {unknown}
Comestibles
 c - a bread ration
 j - a meat ration


   Skills:
 + Level 4.0 Fighting
 + Level 3.9 Long Blades
 + Level 0.1 Armour
 + Level 2.6 Dodging
 + Level 1.7 Stealth


You had 2 spell levels left.
You didn't know any spells.

Dungeon Overview and Level Annotations

Branches:
Dungeon (2/15)

Altars:
Qazlal


Message History

You feel a surge of divine interest.
f - an amulet of faith (around neck)
An ogre comes into view. It is wielding a giant club.
You see here 21 stones.
The ogre closely misses you.
You barely miss the ogre. The ogre hits you with a giant club!
You hit the ogre.
The ogre is lightly wounded.
The ogre hits you with a giant club!
* * * LOW HITPOINT WARNING * * *
You barely miss the ogre.
The ogre is lightly wounded.
You barely miss the ogre.
The ogre is lightly wounded.
The ogre is struck by lightning.
The ogre closely misses you.
You hear a shout! x3
You hit the ogre.
The ogre is almost dead.
The ogre hits you with a giant club!
You die...

...... ##^.^...≈.≈##
#.##.##^≈≈(..≈^.#^#
#......^##^^.^^#..#
#.......#^≈...#.^^#
#..........^((≈^^≈##
#.........(._.(....#
#.....§§(.§^(..§§..#
##.....§§#(#§.^§≈#§.#
.......@§#.≈^.≈§#^≈.#
#..##.#.O≈#^≈.^#≈^§..
.. ...#..^.^≈....§###
# #.###.......#####
#. #..###### # #..#
#..# #..#


You could see an ogre.

Vanquished Creatures
  A ball python (D:1)
  2 giant cockroaches (D:1)
  4 goblins
  4 hobgoblins (D:1)
  5 bats (D:1)
  3 frilled lizards (D:1)
  2 kobolds (D:1)
  4 rats (D:1)
25 creatures vanquished.

Notes
Turn   | Place    | Note
-------+----------+-------------------------------------------
     0 | D:1      | slep the Hill Orc Monk began the quest for the Orb.
     0 | D:1      | Reached XP level 1. HP: 19/19 MP: 1/1
    77 | D:1      | Reached XP level 2. HP: 22/27 MP: 2/2
   477 | D:1      | Reached skill level 4 in Fighting
   477 | D:1      | Reached XP level 3. HP: 31/33 MP: 3/3
   747 | D:2      | Found a stormy altar of Qazlal.
   755 | D:2      | Became a worshipper of Qazlal Stormbringer
   755 | D:2      | Reached * piety under Qazlal
   755 | D:2      | Reached ** piety under Qazlal
   758 | D:2      | Noticed an ogre
   770 | D:2      | Slain by an ogre

Vault maps used:
D:1:      eino_arrival_water_star
D:2:      grunt_qazlal_sundering, yredelemnul_altar_generic

Skill      XL: |  1  2 |
---------------+-------+-----
Fighting       | 4 |  4.0
Long Blades    | |  3.9
Armour         | |  0.1
Dodging        | |  2.6
Stealth        | |  1.7

Action                   || total
-------------------------++-------
Melee: Falchion          ||    63
 Stab: Sleeping          ||     1
Armor: Leather armour    ||     1
Dodge: Dodged            ||    48
       Rpst.: Falchion   ||    11

Table legend:
 A = Spawn XP
 B = Non-spawn XP
 C = Spawn XP percentage of total XP
 D = Spawn monster count
 E = Non-spawn monster count
 F = Spawn count percentage of total count
 G = Total turns spent on level
                    A         B        C        D         E        F      G
               +---------+---------+-------+---------+---------+-------+---------
         Total |       0 |      37 |   0.0 |       0 |      25 |   0.0 |   770
               +---------+---------+-------+---------+---------+-------+---------
           D:1 |       0 |      35 |   0.0 |       0 |      24 |   0.0 |   721
           D:2 |       0 |       2 |   0.0 |       0 |       1 |   0.0 |    49
               +---------+---------+-------+---------+---------+-------+---------
